 Dungeon Crawl Stone Soup version 0.31-a0-210-gccc998df9b (webtiles) character file.

Game seed: 9133563943544369033

1058 qw the Cleaver (level 8, 0/49 HPs)
             Began as a Gargoyle Fighter on June 29, 2023.
             Slain by a hound (1 damage)
             ... on level 5 of the Dungeon.
             The game lasted 00:02:31 (4857 turns).

qw the Cleaver (Gargoyle Fighter)                   Turns: 4857, Time: 00:02:31

Health: 0/49       AC: 16    Str: 21    XL:     8   Next: 27%
Magic:  8/8        EV:  9    Int: 10    God:
Gold:   108        SH:  4    Dex:  9    Spells: 7/7 levels left

rFire   . . .        Y - +0 war axe
rCold   . . .        c - +0 buckler
rNeg    + . .        b - +0 scale mail
rPois   inf          (no helmet)
rElec   +            (no cloak)
rCorr   +            (no gloves)
SInv    .            (no boots)
Will    .....        (no amulet) Stlth
                     j - ring of resist corrosion
HPRegen 0.28/turn    h - +4 ring of protection
MPRegen 0.11/turn

%: no passive effects
@: no status effects
A: sickness immunity, AC +5, negative energy resistance 1, electricity
resistance, torment resistance 1, petrification resistance
a: no special abilities


You were on level 5 of the Dungeon.
You visited 1 branch of the dungeon, and saw 5 of its levels.
You also visited: Ossuary.

You collected 192 gold pieces.
You spent 84 gold pieces at shops.


Innate Abilities, Weirdness & Mutations

You are immune to sickness and miasma.
Your stone body is resilient. (AC +5)
You are immune to poison.
You resist negative energy. (rN+)
You are resistant to electric shocks. (rElec)
You are resistant to unholy torment.
You are immune to petrification.


   Skills:
 + Level 5.0 Fighting
 - Level 8.1 Axes
 - Level 3.2 Armour
 - Level 1.0 Dodging
 - Level 3.2 Shields


You had 7 spell levels left.
You didn't know any spells.
Your spell library was empty.

Inventory:

Hand Weapons
 r - a +0 flail
 Y - a +0 war axe (weapon)
Armour
 b - a +0 scale mail (worn)
 c - a +0 buckler (worn)
Jewellery
 h - a +4 ring of protection (right hand)
 j - a ring of resist corrosion (left hand)
Scrolls
 a - a scroll of identify
Potions
 d - 2 potions of might
 e - a potion of curing
 f - a potion of invisibility {unknown}
 g - a potion of magic {unknown}
 i - a potion of berserk rage {unknown}
 k - a potion of brilliance {unknown}
 m - 3 potions of lignification
 n - a potion of attraction
 o - a potion of resistance {unknown}
 p - a potion of degeneration {unknown}

Dungeon Overview and Level Annotations

Branches:
Dungeon (5/15)             Temple (0/1) D:5         Ossuary (visited)

Altars:
Nemelex Xobeh
Ru
Sif Muna
Trog
Uskayaw
Vehumet

Shops:
D:2 *


Message History

You slash the gnoll! The gnoll hits you but does no damage.
The gnoll hits you from afar with a +0 halberd!
The gnoll sergeant hits you but does no damage.
You hit the gnoll sergeant but do no damage.
The gnoll sergeant is severely wounded.
You barely miss the gnoll. The gnoll barely misses you.
The gnoll hits you but does no damage.
The gnoll sergeant hits you with a +0 spear!
You closely miss the gnoll sergeant.
The gnoll sergeant is severely wounded.
You slash the gnoll!
You kill the gnoll!
The hound misses you. The gnoll hits you but does no damage.
The gnoll sergeant hits you with a +0 spear.
You closely miss the gnoll sergeant.
The gnoll sergeant is severely wounded.
You closely miss the hound. The hound bites you but does no damage.
The gnoll completely misses you.
The gnoll sergeant hits you but does no damage.
The hound bites you but does no damage.
You barely miss the gnoll sergeant.
The gnoll sergeant is severely wounded.
You closely miss the hound. You block the hound's attack.
The gnoll hits you but does no damage.
The gnoll sergeant hits you but does no damage.
You hit the gnoll sergeant.
The gnoll sergeant is almost dead.
You miss the hound. The hound completely misses you.
You block the gnoll's attack.
The gnoll sergeant hits you with a +0 spear.
The hound bites you but does no damage.
You hit the gnoll sergeant but do no damage.
The gnoll sergeant is almost dead.
You hit the hound but do no damage. The hound bites you but does no damage.
The gnoll hits you from afar with a +0 halberd.
The gnoll sergeant hits you with a +0 spear.
The hound bites you.
You die...

.. .####....##.# ......
........... .....
#.........! ....
#.........## ... . ##..#
.)...## .. ..
#...#####...##c# # #..
#...........#h##....
...##...##......@^g.....
.......###...##.g>......
.......###....#.:.$.....
.##.#...###.....#.......
...###..####............
##.###....##............
##..##..#....#..........
....##).#.##.#..........
....#..## #.............


You could see a gnoll sergeant, a centaur, a hound and a gnoll.

Vanquished Creatures
  Pikel (D:5)
  3 scorpions
  2 human zombies (Ossuary)
  3 iguanas (D:4)
  2 orc wizards
  3 mummies
  4 gnolls (D:5)
  7 adders
  A shadow imp (D:5)
  An adder zombie (Ossuary)
  2 worms
  4 dart slugs
  9 orcs
  6 endoplasms
  3 giant cockroaches (D:2)
  4 goblins
  4 hobgoblins
  5 quokkas
  5 ball pythons
  5 bats
  6 frilled lizards
  5 goblin zombies
  10 hobgoblin zombies (Ossuary)
  A jackal zombie (Ossuary)
  4 kobolds
  7 kobold zombies (Ossuary)
  10 orc zombies (Ossuary)
  2 rats
  3 rat zombies (Ossuary)
122 creatures vanquished.

Notes
Turn   | Place    | Note
-------+----------+-------------------------------------------
     0 | D:1      | qw the Gargoyle Fighter began the quest for the Orb.
     0 | D:1      | Reached XP level 1. HP: 14/14 MP: 1/1
     0 | D:1      | 0 ||| qw: Version: 0.3-a-24-ga2abf7b
     0 | D:1      | 0 ||| qw: Game counter: 6784
     0 | D:1      | 0 ||| qw: Melee chars always use a shield: true
     0 | D:1      | 0 ||| qw: God list: Okawaru
     0 | D:1      | 0 ||| qw: Allow faded altars: false
     0 | D:1      | 0 ||| qw: Do Orc after clearing Dungeon:15 true
     0 | D:1      | 0 ||| qw: Do second Lair branch before Depths: true
     0 | D:1      | 0 ||| qw: Lair rune preference: random
     0 | D:1      | 0 ||| qw: Goals: Normal, Zot:1-4, Slime:5, God:TSO, Crypt,
                  | Tomb, Abyss, Pan, Hells, Win
     0 | D:1      | 0 ||| PLANNING D:1-11
    87 | D:1      | Reached skill level 2 in Axes
    91 | D:1      | 91 ||| Stepping ~*~*~tactically~*~*~ (hiding).
   224 | D:1      | Reached XP level 2. HP: 19/19 MP: 2/2
   491 | D:1      | Found a faded altar of an unknown god.
   928 | D:1      | 928 ||| UPGRADING to ring of resist corrosion.
   929 | D:1      | 929 ||| READING 2 scrolls labelled NAVEITHR VOSASU.
   930 | D:1      | 930 ||| READING scroll labelled LOEMAT CUMUTS.
   931 | D:1      | 931 ||| READING scroll labelled SIT JUAFAIB.
   953 | D:2      | 953 ||| STAIRDANCE
  1008 | D:2      | Reached skill level 3 in Axes
  1129 | D:2      | Reached XP level 3. HP: 23/23 MP: 3/3
  1442 | D:2      | 1442 ||| Stepping ~*~*~tactically~*~*~ (stealth).
  1443 | D:2      | 1443 ||| Stepping ~*~*~tactically~*~*~ (stealth).
  1444 | D:2      | 1444 ||| Stepping ~*~*~tactically~*~*~ (stealth).
  1465 | D:2      | Found Towoeruawk's General Store.
  1473 | D:2      | 1473 ||| BUYING +0 mace (42 gold).
  1473 | D:2      | Bought a +0 mace for 42 gold pieces
  1473 | D:2      | 1473 ||| SHOPLISTING +0 pair of boots (63 gold, have 42).
  1473 | D:2      | 1473 ||| SHOPLISTING +5 ring mail of Boint {Fly Will+
                  | Dex+2} (670 gold, have 42).
  1473 | D:2      | 1473 ||| SHOPLISTING amulet of faith (560 gold, have 42).
  1473 | D:2      | 1473 ||| BUYING potion of lignification (42 gold).
  1473 | D:2      | Bought a potion of lignification for 42 gold pieces
  1473 | D:2      | 1473 ||| SHOPLISTING potion of mutation (112 gold, have 0).
  1473 | D:2      | 1473 ||| DROPPING +0 whip.
  2000 | D:2      | 2000 ||| READING scroll labelled PANOZI CADDAICS.
  2001 | D:2      | 2001 ||| READING 2 scrolls of identify.
  2001 | D:2      | 2001 ||| IDENTIFYING coppery potion
  2154 | D:3      | 2154 ||| Stepping ~*~*~tactically~*~*~ (hiding).
  2156 | D:3      | 2156 ||| Stepping ~*~*~tactically~*~*~ (hiding).
  2157 | D:3      | 2157 ||| Stepping ~*~*~tactically~*~*~ (hiding).
  2158 | D:3      | 2158 ||| Stepping ~*~*~tactically~*~*~ (hiding).
  2181 | D:3      | You fall into a shaft and drop 1 floor!
  2182 | D:4      | Found a sand-covered staircase.
  2183 | D:4      | 2183 ||| PLANNING OSSUARY
  2188 | D:4      | Reached XP level 4. HP: 16/28 MP: 4/4
  2235 | D:4      | 2235 ||| UPGRADING to +4 ring of protection.
  2239 | Ossuary  | Entered an ossuary
  2319 | Ossuary  | Reached skill level 4 in Axes
  2418 | Ossuary  | HP: 4/28 [mummy (12)]
  2419 | Ossuary  | 2419 ||| READING 2 scrolls of teleportation.
  2423 | Ossuary  | 2423 ||| READING scroll of teleportation.
  2578 | Ossuary  | 2578 ||| FLEEEEING.
  2579 | Ossuary  | 2579 ||| FLEEEEING.
  2580 | Ossuary  | 2580 ||| FLEEEEING.
  2581 | Ossuary  | 2581 ||| FLEEEEING.
  2582 | Ossuary  | 2582 ||| FLEEEEING.
  2583 | Ossuary  | 2583 ||| FLEEEEING.
  2584 | Ossuary  | 2584 ||| FLEEEEING.
  2585 | Ossuary  | 2585 ||| FLEEEEING.
  2589 | Ossuary  | 2589 ||| FLEEEEING.
  2590 | Ossuary  | 2590 ||| FLEEEEING.
  2591 | Ossuary  | 2591 ||| FLEEEEING.
  2592 | Ossuary  | 2592 ||| FLEEEEING.
  2593 | Ossuary  | 2593 ||| FLEEEEING.
  2594 | Ossuary  | 2594 ||| FLEEEEING.
  2595 | Ossuary  | 2595 ||| FLEEEEING.
  2596 | Ossuary  | 2596 ||| FLEEEEING.
  2597 | Ossuary  | 2597 ||| FLEEEEING.
  2598 | Ossuary  | 2598 ||| FLEEEEING.
  2797 | Ossuary  | Reached XP level 5. HP: 32/32 MP: 5/5
  2813 | Ossuary  | Reached skill level 5 in Axes
  2857 | Ossuary  | 2857 ||| READING scroll labelled ROSTRE IVEUPT.
  2858 | Ossuary  | 2858 ||| DRINKING 2 fizzy golden potions.
  2868 | D:4      | 2868 ||| PLANNING D:1-11
  2876 | D:4      | Reached XP level 6. HP: 32/38 MP: 6/6
  2941 | D:4      | 2941 ||| Stepping ~*~*~tactically~*~*~ (stealth).
  2948 | D:4      | Reached skill level 1 in Dodging
  3035 | D:3      | 3035 ||| Stepping ~*~*~tactically~*~*~ (stealth).
  3057 | D:3      | Found a sparkling altar of Nemelex Xobeh.
  3173 | D:3      | Found a bloodstained altar of Trog.
  3221 | D:3      | Found a shimmering blue altar of Sif Muna.
  3263 | D:3      | 3263 ||| Stepping ~*~*~tactically~*~*~ (stealth).
  3264 | D:3      | 3264 ||| Stepping ~*~*~tactically~*~*~ (stealth).
  3290 | D:3      | 3290 ||| Stepping ~*~*~tactically~*~*~ (stealth).
  3320 | D:3      | 3320 ||| Stepping ~*~*~tactically~*~*~ (hiding).
  3355 | D:3      | 3355 ||| DROPPING +0 mace.
  3491 | D:3      | Found a radiant altar of Vehumet.
  3529 | D:3      | 3529 ||| READING scroll labelled KUARUNLOMOM.
  3530 | D:3      | 3530 ||| READING scroll labelled IZAGITSUIFI.
  3656 | D:4      | Reached skill level 6 in Axes
  3663 | D:4      | Reached XP level 7. HP: 12/43 MP: 7/7
  4047 | D:4      | Found a hide-covered altar of Uskayaw.
  4048 | D:4      | Noticed a +0 hand axe
  4048 | D:4      | Noticed a +0 hand axe
  4415 | D:4      | Found a sacrificial altar of Ru.
  4440 | D:5      | Entered Level 5 of the Dungeon
  4448 | D:5      | 4448 ||| STAIRDANCE
  4494 | D:5      | 4494 ||| Stepping ~*~*~tactically~*~*~ (hiding).
  4624 | D:5      | Noticed Pikel
  4626 | D:5      | 4626 ||| Stepping ~*~*~tactically~*~*~ (stealth).
  4648 | D:5      | HP: 10/43 [Pikel/+0 whip of flaming (1)]
  4649 | D:5      | 4649 ||| READING scroll of teleportation.
  4650 | D:5      | Killed Pikel
  4651 | D:5      | Reached skill level 8 in Axes
  4651 | D:5      | Reached XP level 8. HP: 11/48 MP: 8/8
  4689 | D:5      | 4689 ||| Stepping ~*~*~tactically~*~*~ (stealth).
  4690 | D:5      | 4690 ||| Stepping ~*~*~tactically~*~*~ (stealth).
  4691 | D:5      | 4691 ||| Stepping ~*~*~tactically~*~*~ (stealth).
  4693 | D:5      | 4693 ||| Stepping ~*~*~tactically~*~*~ (stealth).
  4817 | D:5      | Found a staircase to the Ecumenical Temple.
  4818 | D:5      | 4818 ||| PLANNING TEMPLE
  4852 | D:5      | HP: 7/49 [gnoll sergeant/+0 spear (7)]
  4857 | D:5      | HP: 2/49 [gnoll/+0 halberd[a gnoll sergeant] (2)]
  4857 | D:5      | Slain by a hound

Levels and vault maps discovered:
D:1:      amcnicky_arrival_flooded_fountain, layout_basic, serial_forest,
          infiniplex_forest_straight_3, infiniplex_forest_clump_small,
          infiniplex_forest_lined_corner, infiniplex_forest_clump_long,
          infiniplex_forest_lined_corner, infiniplex_forest_clump_tiny,
          infiniplex_forest_clump_double,
          shapermc_ecumenical_altar_mp_urbaneastern
D:2:      layout_basic, serial_shops, nicolae_shop_statue_plus,
          amcnicky_mini_pool_small, minmay_stone_trees_medium,
          dreamdust_mushroom_princess
D:3:      minmay_spotlight, layout_rooms, mainiacjoe_overflow_small_starburst,
          bloody_trog, lemuel_coloured_pillars_altar,
          mainiacjoe_overflow_surrounded_room, saegor_snake_ambush
D:4:      layout_cave_pods, mainiacjoe_overflow_alcove_1,
          dancing_weapons_uskayaw, nicolae_ossuary_entry_giza
D:5:      layout_cave_pools, mainiacjoe_overflow_paths,
          minmay_temple_entry_offerings, uniq_crazy_yiuf_cottage, uniq_duvessa,
          uniq_prince_ribbit1, uniq_pikel

Skill      XL: |  1  2  3  4  5  6  7  8 |
---------------+-------------------------+-----
Axes           | 2 3 4 5 6 8 |  8.1
Fighting       | 4 5 |  5.0
Dodging        | 1 |  1.0
Armour         | |  3.2
Shields        | |  3.2

Action                     |  1- 3 |  4- 6 |  7- 9 || total
---------------------------+-------+-------+-------++-------
  Melee: War axe           |    99 |   255 |    83 ||   437
    Use: Scroll            |     5 |     5 |     1 ||    11
         Potion            |       |     1 |       ||     1
   Stab: Distracted        |       |     1 |       ||     1
 Armour: Scale mail        |    50 |   131 |    62 ||   243
  Dodge: Dodged            |    36 |   102 |    46 ||   184
  Block: Buckler           |    18 |    34 |    16 ||    68

Table legend:
 A = Non-vault XP
 B = Vault XP
 C = Vault XP percentage of total XP
 D = Non-vault monster count
 E = Vault monster count
 F = Vault count percentage of total count
                 A         B        C        D         E       F
            +---------+---------+-------+---------+---------+-------
      Total |     683 |     829 |  54.8 |      68 |      54 |  44.3
            +---------+---------+-------+---------+---------+-------
        D:1 |      25 |       0 |   0.0 |      11 |       0 |   0.0
        D:2 |      38 |       0 |   0.0 |      16 |       0 |   0.0
        D:3 |      76 |      42 |  35.6 |      13 |      11 |  45.8
        D:4 |     374 |      20 |   5.1 |      21 |       3 |  12.5
        D:5 |     170 |     607 |  78.1 |       7 |       1 |  12.5
    Ossuary |       0 |     160 | 100.0 |       0 |      39 | 100.0
            +---------+---------+-------+---------+---------+-------
